 Dungeon Crawl Stone Soup version 0.31.0-9-g3a7656b989 (webtiles) character file.

Game seed: 4142966883037682661

42 qw the Shooter (level 3, 0/29 HPs)
             Began as a Demigod Hunter on Feb 2, 2024.
             Succumbed to an adder's poison
             ... on level 2 of the Dungeon.
             The game lasted 00:00:03 (881 turns).

qw the Shooter (Demigod Hunter)                      Turns: 881, Time: 00:00:03

Health: 0/29       AC:  3    Str: 12    XL:     3   Next: 19%
Magic:  5/5        EV: 12    Int: 11    God:
Gold:   70         SH:  0    Dex: 21    Spells: 2/2 levels left

rFire   . . .        a - +0 shortbow
rCold   . . .        (shield currently unavailable)
rNeg    . . .        c - +0 leather armour
rPois   .            (no helmet)
rElec   .            (no cloak)
rCorr   .            (no gloves)
SInv    .            (no boots)
Will    .....        (no amulet)
Stlth   ++           (no ring)
HPRegen 0.24/turn    (no ring)
MPRegen 0.09/turn

%: no passive effects
@: lethally poisoned (0 -> -2)
A: high MP 1, forlorn, divine attributes
a: no special abilities


You were on level 2 of the Dungeon.
You visited 1 branch of the dungeon, and saw 2 of its levels.

You collected 70 gold pieces.


Innate Abilities, Weirdness & Mutations

You have an increased reservoir of magic. (+10% MP)
You shall have no god before yourself.
Your divine heritage dramatically boosts your attributes as you level up.


   Skills:
 - Level 2.0 Fighting
 - Level 4.6 Ranged Weapons
 + Level 1.7 Dodging
 - Level 0.8 Stealth


You had 2 spell levels left.
You didn't know any spells.
Your spell library was empty.

Inventory:

Hand Weapons
 a - a +0 shortbow (weapon)
Armour
 c - a +0 leather armour (worn)
Scrolls
 b - a scroll of fog {unknown}

Dungeon Overview and Level Annotations

Branches:
Dungeon (2/15)


Message History

The adder is moderately wounded.
You shoot an arrow. The arrow closely misses the adder.
The adder misses you. The adder barely misses you.
You shoot an arrow. The arrow hits the adder.
The adder is heavily wounded.
The adder bites you. x2
You are poisoned.
The adder poisons you!
You shoot an arrow. The arrow closely misses the adder.
You feel sick. The adder barely misses you.
You shoot an arrow. The arrow barely misses the adder.
You feel sick. The adder barely misses you. The adder bites you.
You shoot an arrow. The arrow barely misses the adder.
You feel sick. The adder bites you.
You are more poisoned.
The adder poisons you!
You shoot an arrow. The arrow closely misses the adder.
You feel sick. The adder bites you. x2
You shoot an arrow. The arrow misses the adder.
You feel sick. The adder misses you.
You shoot an arrow. The arrow hits the adder.
The adder is severely wounded.
You feel sick. The adder bites you.
You are lethally poisoned!
The adder poisons you! The adder bites you but does no damage.
You shoot an arrow. The arrow hits the adder.
You kill the adder!
You feel sick.
You have reached level 3!
Your experience leads to a dramatic increase in your attributes!
Increase (S)trength, (I)ntelligence, or (D)exterity?
You feel agile. x4
There is a lethal amount of poison in your body!
You feel sick.
There is a lethal amount of poison in your body!
You feel sick.
There is a lethal amount of poison in your body!
You feel sick.
There is a lethal amount of poison in your body!
You die...

#....# #..... #....#
#.#... #....# #.#.#.
#....# #.#.#.
#....#########.#.#.
#....'.......#<....
####...#######.#.#...
#....### #.#.###.
#.).@# #.#.....
#...$# #.......
#....# ########
....... ###....# #
#....# #..!.# #....#


There were no monsters in sight!

Vanquished Creatures
  2 adders (D:2)
  A bat (D:1)
  7 endoplasms (D:1)
  A hobgoblin (D:1)
  3 quokkas (D:1)
  A frilled lizard (D:1)
  2 goblins (D:1)
  2 kobolds (D:1)
  3 rats (D:1)
22 creatures vanquished.

Notes
Turn   | Place    | Note
-------+----------+-------------------------------------------
     0 | D:1      | qw the Demigod Hunter began the quest for the Orb.
     0 | D:1      | Reached XP level 1. HP: 17/17 MP: 3/3
     0 | D:1      | 0 ||| qw: Version: 0.3-a-155-g5e7d8dd
     0 | D:1      | 0 ||| qw: Game counter: 368
     0 | D:1      | 0 ||| qw: Melee chars always use a shield: true
     0 | D:1      | 0 ||| qw: God list: Okawaru
     0 | D:1      | 0 ||| qw: Allow faded altars: false
     0 | D:1      | 0 ||| qw: Do Orc after clearing Dungeon:15 true
     0 | D:1      | 0 ||| qw: Do second Lair branch before Depths: true
     0 | D:1      | 0 ||| qw: Lair rune preference: random
     0 | D:1      | 0 ||| qw: Goals: Normal
     0 | D:1      | 0 ||| PLANNING D:1-11
    19 | D:1      | You fall into a shaft and drop 1 floor!
    26 | D:2      | Reached skill level 4 in Ranged Weapons
    26 | D:2      | Reached XP level 2. HP: 21/24 MP: 4/4
    40 | D:2      | 40 ||| DROPPING scroll of butterflies.
   712 | D:1      | 712 ||| READING scroll labelled GEBOARCHAOHA.
   713 | D:1      | 713 ||| READING scroll labelled FUGOIB IWIO.
   714 | D:1      | 714 ||| READING scroll labelled MUOMMIU YSYOL.
   716 | D:1      | 716 ||| Stepping ~*~*~tactically~*~*~ (cloud).
   876 | D:2      | HP: 6/24 [poisoned by an adder]
   877 | D:2      | HP: 2/24 [poisoned by an adder]
   878 | D:2      | Reached XP level 3. HP: 3/29 MP: 5/5
   881 | D:2      | Succumbed to an adder's poison

Levels and vault maps discovered:
D:1:      scummos_arrival_simple_fountains, layout_loops_ring,
          lemuel_flame_loot_1
D:2:      layout_basic, basic_altar, serial_shops, shop_statue

Skill      XL: |  1  2 |
---------------+-------+-----
Ranged Weapons | 4 |  4.6
Fighting       | 2 |  2.0
Dodging        | |  1.7
Stealth        | |  0.8

Action                     || total
---------------------------++-------
   Fire: Shortbow          ||    59
    Use: Scroll            ||     3
 Armour: Leather armour    ||    18
  Dodge: Dodged            ||    10

Table legend:
 A = Non-vault XP
 B = Vault XP
 C = Vault XP percentage of total XP
 D = Non-vault monster count
 E = Vault monster count
 F = Vault count percentage of total count
                 A         B        C        D         E       F
            +---------+---------+-------+---------+---------+-------
      Total |      61 |       0 |   0.0 |      22 |       0 |   0.0
            +---------+---------+-------+---------+---------+-------
        D:1 |      34 |       0 |   0.0 |      20 |       0 |   0.0
        D:2 |      27 |       0 |   0.0 |       2 |       0 |   0.0
            +---------+---------+-------+---------+---------+-------
